Map: Cyber Forest LE

Players

PunisHer

  • Race: Terran Terran
  • League: Diamond
  • Spawn Location: 11:00

PeLLy - Winner!

  • Race: Zerg Zerg
  • League: Diamond
  • Spawn Location: 5:00

VOD

Have the link to the VOD?

Description

Time

  • Played on: Aug. 18, 2019, 10:17 a.m.
  • Length: 21:23
Show
View Real Time Build Order
Export as new Build Order

PunisHer Terran 

Build Orders: Reaper Expand, Mech 

Get SALT Encoding   

  12  0:01  SCV  
  13  0:13  SCV  
  14  0:17  Supply Depot  
  14  0:25  SCV  
  15  0:41  Barracks  
  15  0:42  Refinery  
  15  0:45  SCV  
  16  0:56  Supply Depot  
  16  0:59  SCV  
  17  1:11  SCV  
  18  1:23  SCV  
  19  1:33  Reaper  
  19  1:35  Orbital Command  
  20  1:59  Command Center  
  20  2:03  SCV  
  21  2:13  Factory  
  21  2:23  Barracks Reactor, Refinery, SCV  
  22  2:35  SCV  
  23  2:53  SCV  
  24  3:07  SCV  
  25  3:12  Orbital Command  
  25  3:16  Armory, Hellion x2  
  29  3:32  Marine  
  29  3:33  Command Center  
  30  3:37  Orbital Command  
  30  3:45  Hellion x2  
  33  3:50  SCV  
  34  4:02  SCV  
  34  4:07  SCV  
  34  4:09  Hellion x2  
  39  4:14  SCV  
  40  4:20  SCV  
  41  4:27  SCV  
  41  4:29  Factory  
  42  4:31  Factory  
  42  4:32  SCV  
  43  4:41  Factory Tech Lab  
  43  4:42  SCV  
  43  4:44  SCV  
  45  4:47  Orbital Command  
  45  4:54  SCV  
  45  4:56  Terran Vehicle Weapons Level 1, Refinery, SCV  
  45  4:58  Refinery  
  47  5:06  SCV  
  51  5:08  SCV  
  54  5:23  Factory Tech Lab  
  54  5:24  Factory Tech Lab  
  54  5:26  Siege Tank  
  48  5:29  SCV x3  
  51  5:41  SCV x3  
  54  5:45  Siege Tank  
  54  5:46  Command Center  
  57  5:56  Siege Tank  
  60  6:05  SCV  
  60  6:10  Supply Depot  
  61  6:11  Supply Depot x2  
  61  6:13  SCV x2, Supply Depot  
  61  6:18  SCV  
  46  6:28  Hellion x2  
  46  6:29  Hellion  
  46  6:31  SCV x3  
  43  6:43  SCV  
  43  6:46  SCV x2  
  46  6:49  Hellion  
  46  6:51  Hellion  
  50  6:55  SCV  
  50  6:58  SCV x2  
  53  7:03  Siege Tank  
  53  7:07  SCV, Factory  
  57  7:08  Hellion  
  57  7:09  Hellion x4  
  57  7:10  SCV  
  58  7:24  SCV x4  
  62  7:34  Thor x2  
  62  7:36  SCV  
  75  7:44  SCV x3  
  78  7:48  SCV  
  77  7:56  SCV  
  76  8:17  SCV x4  
  78  8:25  Siege Tank x3, Hellion  
  78  8:26  Hellion  
  91  8:29  SCV x2  
  93  8:41  SCV x3  
  93  8:47  Factory  
  93  8:48  Factory  
  96  8:49  Terran Vehicle Weapons Level 2  
  97  8:55  SCV x2  
  97  8:56  SCV x2  
  96  9:07  SCV  
  74  9:31  SCV x4  
  74  9:36  Engineering Bay  
  74  9:38  Factory Tech Lab  
  78  9:39  Factory Tech Lab  
  78  9:40  Starport  
  78  9:43  Starport, SCV x3  
  78  9:44  SCV  
  82  9:47  Siege Tank x2  
  82  9:49  Hellion x2  
  82  9:50  Hellion  
  94  9:55  SCV x2  
  96  10:08  Planetary Fortress  
  96  10:24  Refinery, Sensor Tower  
  96  10:27  Refinery, SCV x3  
  99  10:34  Thor  
  105  10:37  Hellion  
  105  10:39  SCV  
  108  10:43  Supply Depot x2  
  108  10:44  Starport Reactor x2  
  108  10:45  Supply Depot  
  108  10:49  Command Center  
  108  11:03  Infernal Pre-Igniter, Smart Servos  
  108  11:04  SCV x4  
  108  11:05  Hellion x6  
  108  11:08  Supply Depot  
  124  11:16  SCV x4  
  128  11:25  Thor  
  134  11:26  Supply Depot  
  134  11:28  SCV x4  
  138  11:37  Thor  
  144  11:43  SCV  
  144  11:44  SCV x3  
  148  12:07  Siege Tank x2  
  148  12:08  Siege Tank, Hellion x3  
  163  12:16  Viking  
  163  12:17  Viking x2  
  163  12:20  Hellion  
  171  12:28  Orbital Command  
  113  13:01  Siege Tank  
  113  13:02  Siege Tank x4, Hellion  
  113  13:03  Hellion  
  120  13:24  Hellion  
  122  13:33  Command Center  
  122  13:37  Supply Depot  
  122  13:38  Supply Depot x2, Thor x2  
  122  13:39  Supply Depot  
  122  13:40  Supply Depot  
  134  13:43  Supply Depot  
  134  13:45  Viking x3  
  134  13:46  Sensor Tower  
  140  14:13  Viking  
  140  14:15  Hellion  
  140  14:16  Hellion x4  
  152  14:19  Viking x3  
  152  14:21  Hellion  
  160  14:25  Terran Vehicle Weapons Level 3  
  160  14:31  Armory  
  160  14:45  Viking  
  162  15:06  Viking  
  162  15:07  Viking x2  
  164  15:09  Hellion x7  
  152  15:46  Viking x4  
  156  16:05  Liberator x2  
  156  16:16  Viking x2, Hellion x3  
  156  16:17  Hellion x3  
  173  16:28  Liberator  
  163  16:49  Liberator x2  
  104  17:55  Siege Tank x3  
  104  17:56  Hellion x3  
  117  18:05  Hellion  
  119  18:17  Hellion x3  
  87  19:21  Siege Tank x3, Hellion  
  87  19:22  Hellion x2  
  88  19:33  Hellion x4  
  82  19:52  Viking x2  
  86  19:53  Thor  
  92  20:22  Planetary Fortress, Viking x2  
  92  20:24  SCV x4  
  100  20:35  Hellion x6  
  100  20:36  SCV  
  101  20:45  Factory Tech Lab  
  101  20:47  Factory Tech Lab  
Show
View Real Time Build Order
Export as new Build Order

PeLLy Zerg - Winner!

Build Orders: Hatch First, Swarm Host 

Get SALT Encoding   

  12  0:00  Drone  
  13  0:15  Overlord  
  13  0:28  Drone  
  14  0:35  Drone x2  
  16  0:53  Hatchery  
  15  1:07  Drone x3  
  18  1:21  Spawning Pool  
  18  1:22  Extractor  
  18  1:23  Drone  
  17  1:33  Drone  
  18  1:45  Drone  
  19  1:51  Overlord  
  19  2:10  Queen x2, Zergling x4  
  19  2:13  Zergling x2  
  26  2:17  Drone  
  27  2:27  Metabolic Boost  
  27  2:42  Drone x4  
  31  3:03  Drone x4  
  35  3:09  Drone  
  35  3:17  Overlord x2  
  35  3:25  Overlord  
  35  3:34  Queen  
  35  3:38  Hatchery  
  34  4:05  Evolution Chamber  
  34  4:08  Evolution Chamber  
  32  4:13  Roach Warren  
  31  4:20  Drone x11  
  42  4:26  Drone  
  42  4:27  Drone x2  
  42  4:28  Drone  
  46  4:32  Drone  
  46  4:35  Zerg Missile Weapons Level 1  
  46  4:36  Extractor x2  
  46  4:37  Zerg Melee Weapons Level 1  
  45  4:45  Overlord x2  
  45  4:56  Spine Crawler  
  45  4:57  Spine Crawler  
  43  5:01  Roach x2  
  43  5:02  Roach x5  
  57  5:18  Roach x3  
  57  5:19  Roach x2  
  67  5:29  Lair  
  67  5:31  Drone x3  
  70  5:44  Queen  
  72  5:53  Extractor  
  71  5:58  Overlord x2  
  71  6:05  Ravager x4  
  75  6:14  Ravager  
  62  6:26  Roach x5  
  63  6:45  Drone x13  
  70  7:11  Infestation Pit  
  70  7:12  Hydralisk Den  
  70  7:13  Hatchery  
  70  7:14  Spore Crawler  
  66  7:15  Spore Crawler  
  66  7:16  Pneumatized Carapace  
  66  7:18  Drone x8  
  66  7:20  Extractor  
  66  7:21  Extractor  
  71  7:23  Roach  
  71  7:24  Roach x2  
  71  7:26  Zerg Melee Weapons Level 2  
  77  8:11  Hydralisk  
  77  8:12  Hydralisk x9  
  89  8:15  Overlord x3  
  89  8:16  Overlord  
  97  8:24  Glial Reconstitution  
  97  8:25  Zerg Missile Weapons Level 2  
  97  8:30  Drone x6  
  97  8:34  Queen  
  105  9:08  Hydralisk x3  
  105  9:09  Hydralisk x2, Zergling x2  
  112  9:10  Zergling x26  
  105  9:24  Hive  
  105  9:28  Roach x6  
  117  9:32  Baneling Nest  
  116  9:46  Extractor  
  116  9:51  Extractor  
  114  9:56  Drone  
  114  9:57  Drone x13  
  114  9:59  Overlord  
  128  10:07  Grooved Spines  
  128  10:10  Overlord  
  128  10:11  Overlord x5  
  128  10:28  Hatchery  
  127  10:39  Baneling x12  
  127  10:43  Zerg Melee Weapons Level 3  
  127  10:45  Zerg Missile Weapons Level 3  
  127  10:51  Adrenal Glands  
  127  10:52  Zergling x14  
  127  10:53  Zergling x22  
  145  10:57  Overlord x2  
  145  11:01  Spire  
  144  11:04  Spore Crawler  
  143  11:16  Baneling x10  
  143  11:17  Baneling  
  143  11:18  Muscular Augments  
  143  11:29  Viper x4  
  143  11:32  Hydralisk  
  155  11:33  Hydralisk x2  
  155  11:36  Hatchery  
  160  11:48  Swarm Host x3  
  169  11:59  Nydus Network  
  168  12:06  Drone  
  168  12:07  Drone  
  168  12:08  Drone x15  
  143  13:02  Hydralisk  
  143  13:03  Hydralisk x17  
  177  13:08  Zergling x6  
  162  13:38  Swarm Host  
  162  13:39  Swarm Host x9  
  192  13:46  Zergling x16  
  200  13:56  Extractor  
  200  13:57  Extractor  
  198  14:10  Extractor, Queen  
  198  14:13  Extractor  
  198  14:18  Overseer  
  198  14:19  Overseer  
  198  14:21  Overseer  
  198  14:23  Overseer x2  
  198  14:28  Baneling x8  
  198  14:29  Baneling x14  
  198  14:33  Hydralisk  
  200  15:07  Nydus Canal  
  188  15:52  Nydus Canal  
  188  15:57  Zergling x24  
  200  16:53  Nydus Canal  
  200  17:18  Overlord x2  
  141  17:55  Corruptor  
  141  17:56  Corruptor x14  
  171  17:59  Overlord x7  
  171  18:00  Overlord x2  
  171  18:06  Spine Crawler  
  171  18:07  Spine Crawler  
  171  18:08  Spine Crawler  
  171  18:10  Spore Crawler  
  164  18:13  Queen  
  156  18:40  Zergling x24  
  156  18:41  Zergling x6  
  167  18:49  Greater Spire  
  102  19:19  Zergling x28  
  102  19:20  Zergling x2  
  117  19:33  Hydralisk  
  117  19:34  Hydralisk x4  
  117  19:37  Queen x3  
  133  19:43  Hydralisk  
  133  19:44  Hydralisk x4  
  143  20:03  Hydralisk  
  143  20:04  Hydralisk x9  
  163  20:30  Baneling x13  
  163  20:33  Brood Lord  
  163  20:34  Corruptor x12, Brood Lord x3  
  195  20:39  Nydus Canal  
  195  20:40  Hatchery  
  194  20:48  Overseer  
Tags
 
Add a new tag
Caveats
  • Supply blocks, unpowered buildings, or Contaminate may cause inaccurate times.
  • Supply counts are checked every 10 seconds.